 Dungeon Crawl Stone Soup version 0.31-a0-431-g88bdf31460 (webtiles) character file.

Game seed: 6890279017513746529

49 drugrobin the Sneak (level 3, -1/30 HPs)
             Began as a Demigod Delver on July 31, 2023.
             Slain by a gnoll
             ... wielding a +0 spear
              (7 damage)
             ... on level 3 of the Dungeon.
             The game lasted 00:03:31 (796 turns).

drugrobin the Sneak (Demigod Delver)                 Turns: 796, Time: 00:03:31

Health: -1/30      AC:  3    Str: 17    XL:     3   Next: 33%
Magic:  5/5        EV: 12    Int: 12    God:
Gold:   25         SH:  0    Dex: 15    Spells: 2/2 levels left

rFire   . . .        b - +2 whip (elec)
rCold   . . .        (no shield)
rNeg    . . .        h - +0 leather armour
rPois   .            (no helmet)
rElec   .            (no cloak)
rCorr   .            (no gloves)
SInv    .            (no boots)
Will    .....        (no amulet)
Stlth   +++          (no ring)
HPRegen 0.25/turn    (no ring)
MPRegen 0.09/turn

%: no passive effects
@: no status effects
A: high MP 1, forlorn, divine attributes
a: no special abilities


You were on level 3 of the Dungeon.
You visited 1 branch of the dungeon, and saw 3 of its levels.

You collected 25 gold pieces.

Inventory:

Hand Weapons
 a - a +0 hand axe
 b - a +2 whip of electrocution (weapon)
Missiles
 e - 2 boomerangs (quivered)
Armour
 h - a +0 leather armour (worn)
Wands
 g - a wand of digging (3)
Scrolls
 c - 2 scrolls of fog
 d - a scroll of revelation
 i - a scroll of noise {unknown}
Potions
 f - a potion of haste
 j - a potion of berserk rage {unknown}


   Skills:
 - Level 2.8 Fighting
 + Level 3.2 Axes
 - Level 2.0 Dodging
 - Level 4.6 Stealth


You had 2 spell levels left.
You didn't know any spells.
Your spell library was empty.

Dungeon Overview and Level Annotations

Branches:
Dungeon (5/15)
 Temple: D:4-7


Innate Abilities, Weirdness & Mutations

You have an increased reservoir of magic. (+10% MP)
You shall have no god before yourself.
Your divine heritage dramatically boosts your attributes as you level up.


Message History

Unknown command.
Unknown command.
Okay, then.
Okay, then.
Unknown command.
Unknown command.
You hit the gnoll.
You kill the gnoll!
Your Axes skill increases to level 3!
You have reached level 3!
Your experience leads to a dramatic increase in your attributes!
Increase (S)trength, (I)ntelligence, or (D)exterity?
You feel stronger. x4
Unknown command.
You see here a +2 whip of electrocution.
h - a +2 whip of electrocution Adjust (i)tems, (s)pells, or (a)bilities?
h - a +2 whip of electrocution Adjust to which letter? (? for menu, Esc to quit)
b - a +2 whip of electrocution;
h - a +0 leather armour (worn)
You hear the crackle of electricity.
b - a +2 whip of electrocution (weapon)
You start resting.
HP restored. 3 gnolls come into view.
Found a stone staircase leading up.
The gnoll shouts! x3
You see here 3 javelins.
Unknown command.
The gnoll hits you from afar with a +0 spear!
You whack the gnoll! Lightning courses through the gnoll!!
You kill the gnoll!
The gnoll hits you from afar with a +0 spear!
The gnoll attacks as you move away! The gnoll closely misses you.
You barely miss the gnoll. The gnoll closely misses you.
The gnoll hits you from afar with a +0 spear.
You closely miss the gnoll. The gnoll hits you with a +0 flail!
* * * LOW HITPOINT WARNING * * *
The gnoll hits you from afar with a +0 spear!
You die...

#.....#
#......
.<..... # ♣
#.....###.#
#...(...#
##...####
###g# #g#
#@# ♣ #.#
♣♣ #.# .♣
#.# .♣ #.#
.♣ #.# ♣♣
#.# ♣♣ #.#
.♣♣♣ #.#


You could see 2 gnolls.

Vanquished Creatures
  3 gnolls (D:3)
  An adder (D:4)
  An orc (D:3)
  A goblin (D:3)
  2 hobgoblins (D:3)
  2 kobolds (D:3)
  A quokka (D:4)
  A rat (D:3)
12 creatures vanquished.

Notes
Turn   | Place    | Note
-------+----------+-------------------------------------------
     0 | D:5      | drugrobin the Demigod Delver began the quest for the Orb.
     0 | D:5      | Reached XP level 1. HP: 18/18 MP: 3/3
   105 | D:4      | Reached XP level 2. HP: 19/25 MP: 4/4
   384 | D:3      | HP: 1/25 [orc/+0 flail (7)]
   714 | D:3      | Reached XP level 3. HP: 11/30 MP: 5/5
   796 | D:3      | Slain by a gnoll

Illustrated notes

Levels and vault maps discovered:
D:3:      kb_forest_paths, layout_basic, nicolae_qazlal_eye_of_the_storm,
          mainiacjoe_overflow_alcove_2, ebering_ghost_gozag,
          minmay_fractal_squares_gapless_5, uniq_robin
D:4:      layout_layer_cave, fedhas_altar_3
D:5:      layout_basic, kennysheep_big_empty_room, uniq_grinder

Skill      XL: |  1  2 |
---------------+-------+-----
Axes           | 2 3 |  3.2
Dodging        | 2 |  2.0
Fighting       | |  2.8
Stealth        | |  4.6

Action                     || total
---------------------------++-------
  Melee: Hand axe          ||    42
         Whip              ||     3
  Throw: Javelin           ||     6
         Boomerang         ||     3
    Use: Scroll            ||     1
   Stab: Sleeping          ||     2
 Armour: Leather armour    ||    11
  Dodge: Dodged            ||    33

Table legend: (Time is in decaauts)
 A = Elapsed time spent in this place.
 B = Non-inter-level travel time spent in this place.
 C = Inter-level travel time spent in this place.
 D = Time resting spent in this place.
 E = Time spent auto-exploring this place.
 F = Levels seen in this place.
 G = Mean time per level.
                   A        B        C        D        E       F      G
               +--------+--------+--------+--------+--------+-----+--------+
         Total |    808 |    779 |     29 |    294 |    201 |   3 |  269.3 |
       Dungeon |    808 |    779 |     29 |    294 |    201 |   3 |  269.3 |
               +--------+--------+--------+--------+--------+-----+--------+

Top non-repeatable levels by time:
     D:3: 585 daAuts
     D:4: 200 daAuts
     D:5: 22 daAuts
